 Dungeon Crawl Stone Soup version 0.31-a0-859-g9dce7d3444 (webtiles) character file.

Game seed: 10298955849744615531

74020 Maratek the Earth Mage (level 15, -5/80 (82) HPs)
             Began as a Gargoyle Earth Elementalist on Oct 9, 2023.
             Was a High Priest of Vehumet.
             Killed by divine providence
             ... invoked by an orc high priest
              (12 damage)
             ... on level 1 of the Orcish Mines.
             The game lasted 01:26:05 (35124 turns).

Maratek the Earth Mage (GrEE)                      Turns: 35124, Time: 01:26:05

HP:   -5/80 (82)    AC: 16    Str: 16    XL:     15   Next: 45%
MP:   4/33          EV: 12    Int: 27    God:    Vehumet [*****.]
Gold: 2435          SH:  0    Dex:  6    Spells: 23/43 levels left

rFire   + . .        Y - +4 long sword of Law {freeze, Contam rF+ Int+4}
rCold   + + +        (no shield)
rNeg    + . .        G - +1 robe {rC+}
rPois   ∞            q - +1 hat
rElec   +            f - scarf {rC+ rF+}
rCorr   .            S - +1 pair of gloves {Dex+3}
SInv    .            m - +2 pair of boots
Will    +++..        l - amulet of regeneration
Stlth   ++           b - ring "Bihacat" {Ice Will++ Str+4 Dex-5}
HPRegen 1.13/turn    r - +4 ring of protection
MPRegen 0.23/turn

%: no passive effects
@: corroded, flying, studying Shields, lightly drained
A: sickness immunity, AC +11, big wings, negative energy resistance 1,
electricity resistance, torment resistance 1, petrification resistance, clumsy 1
a: Renounce Religion


You were on level 1 of the Orcish Mines.
You worshipped Vehumet.
Vehumet was extremely pleased with you.
You visited 4 branches of the dungeon, and saw 21 of its levels.
You also visited: Ice Cave.

You collected 2860 gold pieces.
You spent 425 gold pieces at shops.

Inventory:

Hand Weapons
 Y - the +4 long sword of Law (weapon) {freeze, Contam rF+ Int+4}
   (You found it on level 5 of the Lair of Beasts)

   Int+4:     It affects your intelligence (+4).
   rF+:       It protects you from fire.
   Contam:    It causes magical contamination when unequipped.
Missiles
 K - 3 throwing nets
Armour
 f - a scarf of resistance (worn)
 m - a +2 pair of boots (worn)
 q - a +1 hat (worn)
 G - a +1 robe of cold resistance (worn)
 S - a +1 pair of gloves of dexterity (worn)
Magical Staves
 C - a staff of fire
 I - a staff of conjuration
Jewellery
 b - the ring "Bihacat" (left hand) {Ice Will++ Str+4 Dex-5}
   (You found it in an ice cave)

   [ring of ice]

   Ice:       It enhances your ice magic.
   Str+4:     It affects your strength (+4).
   Dex-5:     It affects your dexterity (-5).
   rF-:       It makes you vulnerable to fire.
   rC+:       It protects you from cold.
   Will++:    It greatly increases your willpower.
 e - a ring of positive energy
 k - a ring of resist corrosion
 l - an amulet of regeneration (around neck)
 r - a +4 ring of protection (right hand)
 w - a ring of willpower
 B - a ring of protection from cold
 F - a ring of see invisible
 M - a +6 ring of dexterity
 R - a ring of protection from cold
 U - a ring of positive energy
 X - the amulet of the Country {Faith rPois}
   (You found it on level 5 of the Lair of Beasts)

   [amulet of faith]

   Faith:     It allows you to gain divine favour quickly.
   rPois:     It protects you from poison
Wands
 u - a wand of polymorph (12)
 x - a wand of mindburst (13)
 y - a wand of roots (9)
 E - a wand of digging (2)
 N - a wand of flame (13)
 W - a wand of light (9)
Scrolls
 a - 2 scrolls of amnesia
 c - 7 scrolls of teleportation
 g - 2 scrolls of revelation
 n - a scroll of enchant weapon
 A - 4 scrolls of poison
 H - a scroll of brand weapon
 L - 2 scrolls of identify
 P - 8 scrolls of fog
 V - a scroll of immolation
Potions
 d - 3 potions of lignification
 h - 3 potions of might
 i - 2 potions of haste
 j - 3 potions of cancellation
 p - 2 potions of attraction
 s - 2 potions of mutation
 t - a potion of enlightenment {unknown}
 v - a potion of berserk rage {unknown}
 D - a potion of brilliance {unknown}
 J - a potion of invisibility {unknown}
 O - 7 potions of ambrosia
Miscellaneous
 T - a phial of floods


   Skills:
 + Level 5.0 Fighting
 + Level 3.2(3.5) Polearms
 + Level 2.2(3.2) Staves
 + Level 6.3 Dodging
 + Level 4.5 Stealth
 + Level 0.2 Unarmed Combat
 + Level 14.6 Spellcasting
 + Level 14.6 Conjurations
 + Level 0.8 Transmutations
 + Level 2.9 Fire Magic
 + Level 16.8 Earth Magic
 + Level 1.2 Evocations


You had 23 spell levels left.
You knew the following spells:

 Your Spells              Type           Power      Damage    Failure   Level
a - Passwall              Tmut/Erth      50%        N/A       1%          2
b - Stone Arrow           Conj/Erth      100%       3d13      0%          3
c - Starburst             Conj/Fire      30%        6d9       3%          6
d - Sticky Flame          Conj/Fire      61%        2d8       1%          4
e - Fireball              Conj/Fire      30%        3d13      1%          5

Your spell library contained the following spells:

 Spells                   Type           Power      Damage    Failure   Level
 Sandblast                Erth           100%       2d20      0%          1
 Shock                    Conj/Air       100%       1d9       1%          1
 Hailstorm                Conj/Ice       73%        3d15      1%          3
 Inner Flame              Hex/Fire       27%        N/A       1%          3
 Brom's Barrelling Bould  Conj/Erth      81%        2d9       1%          4
 Flame Wave               Conj/Fire      61%        2d14      1%          4
 Iskenderun's Mystic Bla  Conj/Tloc      56%        2d12      1%          4
 Leda's Liquefaction      Hex/Erth       30%        N/A       1%          4
 Petrify                  Tmut/Erth      61%        N/A       1%          4
 Arcjolt                  Conj/Air       28%        1d38      1%          5
 Apportation              Tloc           38%        N/A       2%          1
 Sting                    Tmut/Pois      88%        1d7       2%          1
 Jinxbite                 Hex            38%        N/A       4%          2
 Airstrike                Air            9%         2d(2-18)  7%          4
 Gell's Gravitas          Tloc           19%        N/A       9%          3
 Ozocubu's Armour         Ice            29%        N/A       9%          3
 Swiftness                Air            19%        N/A       9%          3
 Teleport Other           Tloc           19%        N/A       9%          3
 Tukima's Dance           Hex            19%        N/A       9%          3
 Anguish                  Hex/Necr       9%         N/A       26%         4
 Cause Fear               Hex            9%         N/A       26%         4
 Dimensional Bullseye     Hex/Tloc       9%         N/A       26%         4
 Vhi's Electric Charge    Tloc/Air       38%        N/A       26%         4
 Alistair's Intoxication  Tmut/Pois      14%        N/A       52%         5
 Metabolic Englaciation   Hex/Ice        14%        N/A       58%         5
 Summon Forest            Summ/Tloc      9%         N/A       58%         5
 Eringya's Noxious Bog    Tmut/Pois      11%        4d6       61%         6
 Dispersal                Tloc           9%         N/A       99%         6
 Simulacrum               Ice/Necr       14%        N/A       99%         6
 Enfeeble                 Hex            9%         N/A       100%        7
 Summon Hydra             Summ           9%         N/A       100%        7
 Maxwell's Capacitive Co  Air            9%         ∞         100%        8


Dungeon Overview and Level Annotations

Branches:
Dungeon (13/15)            Temple (1/1) D:5            Lair (5/5) D:10
 Shoals (0/4) Lair:3       Spider (0/4) Lair:3        Slime (0/5) Lair:5
    Orc (2/2) D:10            Elf (0/3) Orc:2        Vaults (0/5) D:13
  IceCv (visited)

Altars:
Ashenzari
Cheibriados
Dithmenos
Elyvilon
Fedhas
Gozag
Hepliaklqana
Kikubaaqudgha
Makhleb
Nemelex Xobeh
Okawaru
Qazlal
Ru
Sif Muna
Trog
Uskayaw
Vehumet
Wu Jian
Xom
Yredelemnul
Zin
The Shining One

Shops:
D:9 (==   D:10 [   Orc:1 (

Portals:
Trove: D:11 (give +8 demon blade)

Annotations:
D:3 1 runed translucent door, Crazy Yiuf


Innate Abilities, Weirdness & Mutations

You are immune to sickness and miasma.
Your stone body is resilient. (AC +11)
You are immune to poison.
Your large and strong wings let you fly.
You resist negative energy. (rN+)
You are resistant to electric shocks. (rElec)
You are resistant to unholy torment.
You are immune to petrification.
You are clumsy. (Dex -2)


Message History

Aim: an orc high priest, wielding a +0 hand axe and wearing a +0 leather armour (heavily wounded, strong, 72% to hit)
The stone arrow hits the orc high priest!
The orc high priest is almost dead.
You carefully extract the barbed spikes from your body.
The orc high priest hits you but does no damage.
You closely miss the orc high priest.
The orc high priest is almost dead.
The orc high priest mumbles some strange prayers to Beogh.
You closely miss the orc high priest.
The orc high priest is severely wounded.
The orc high priest completely misses you.
The orc high priest calls down the wrath of Beogh upon you.
Beogh smites you!
You closely miss the orc high priest.
The orc high priest is severely wounded.
The orc high priest mumbles some strange prayers to Beogh against you.
Beogh smites you!
* * * LOW HITPOINT WARNING * * *
You barely miss the orc high priest.
The orc high priest is severely wounded.
The rust devil hits you.
* * * LOW HITPOINT WARNING * * *
The rust devil corrodes you!
The orc high priest calls down the wrath of Beogh upon you.
You resist with almost no effort. The rust devil hits you!
* * * LOW HITPOINT WARNING * * *
The rust devil corrodes you!
Blink to where?
Press: ? - help, Q - select action, (/) - cycle Dir - move target, p - orc high priest
As you read the scroll of blinking, it crumbles to dust.
As you read the scroll of teleportation, it crumbles to dust.
You feel strangely unstable.
The orc high priest invokes the aid of Beogh against you.
Beogh smites you!
* * * LOW HITPOINT WARNING * * *
The orc high priest utters an invocation to Beogh.
Your surroundings suddenly seem different.
The orc high priest calls down the wrath of Beogh upon you.
Beogh smites you!
You die...

#.#..............................
..#.......#....3.................
...#...#......<>.o...............
..#.........................#....
.##............4...........#.....
.............#.#.................
.##.#.......#.....#......#....#..
####.................#..##...#...
##...........@##....####.###..
##....#...∩.∩###....# ### ##.
##...###......#...## ## #...##
##∩.∩.....## # ##.## #..........#
### ##.#.......# ####.#....###
##.......## ##.......#


You could see an orc high priest (strong), an orange demon (summoned) and a
sixfirhy (summoned, wandering).

Vanquished Creatures
  A dire elephant (Lair:2)
  An entropy weaver (D:13)
  The ghost of Miraos the Skirmisher, a journeyman TeHu of Elyvilon (Lair:1)
  An ice dragon (IceCv)
  7 hydras
  2 anacondas (Lair:2)
  A vault guard (D:13)
  A centaur warrior (D:9)
  Erica (Lair:2)
  An alligator (Lair:2)
  A catoblepas (Lair:5)
  A death knight (D:9)
  A boulder beetle (D:9)
  9 death yaks
  5 two-headed ogres
  An orc high priest (Orc:2)
  A deep troll shaman (Lair:5)
  Nergalle (D:10)
  Amaemon (D:9)
  A skyshark (Lair:5)
  2 skeletal warriors
  An orb spider (Lair:3)
  An orc knight (Orc:2)
  4 deep elf pyromancers
  2 orc sorcerers (Orc:2)
  3 cyclopes
  4 manticores
  6 centaur zombies (D:10)
  7 elephants
  16 cane toads
  An orange demon (D:9)
  A gargoyle (D:11)
  Maurice (D:10)
  4 black mambas
  9 rime drakes
  2 unseen horrors
  4 komodo dragons
  A tengu conjurer (D:9)
  Prince Ribbit (D:5)
  6 trolls
  6 meliai
  A queen bee (D:12)
  A meliai zombie (D:10)
  6 polar bears
  A wind drake (Lair:3)
  A hornet (Lair:2)
  15 blink frogs
  2 water elementals (D:13)
  9 slime creatures (D:12)
  4 vampires
  4 wraiths
  30 yaks
  6 shadows
  5 basilisks
  4 wyverns
  3 steam dragons
  4 wargs
  9 vampire mosquitoes
  14 water moccasins
  5 orc warriors
  6 black bears
  A sky beast (D:8)
  3 ice beasts
  3 ogres
  5 centaurs
  13 wolves
  4 kobold brigands
  10 bullfrogs
  4 gnoll sergeants
  A scorpion (D:5)
  14 wights
  40 killer bees
  3 lindwurm simulacra (IceCv)
  6 electric eels
  7 howler monkeys
  7 komodo dragon simulacra (IceCv)
  A crimson imp (D:7)
  2 hounds
  11 orc priests
  A gnoll bouda (D:10)
  2 jellies
  2 sleepcaps
  An iguana (D:6)
  Terence (D:3)
  18 orc wizards
  3 howler monkey zombies (D:10)
  5 acid dragon simulacra (IceCv)
  22 gnolls
  8 adders
  2 shadow imps
  A white imp (D:6)
  6 steam dragon simulacra (IceCv)
  2 worms
  42 orcs
  6 endoplasms
  2 giant cockroaches
  9 hobgoblins
  4 jackals (D:4)
  5 quokkas
  5 ball pythons
  2 bats
  6 frilled lizards
  10 goblins
  32 kobolds
  4 rats
  A spectral kobold (D:9)
588 creatures vanquished.

Vanquished Creatures (collateral kills)
  Eustachio (D:4)
  8 boulders
9 creatures vanquished.

Vanquished Creatures (others)
  An orc wizard (Orc:2)
  10 boulders
11 creatures vanquished.

Grand Total: 608 creatures vanquished

Notes
Turn   | Place    | Note
-------+----------+-------------------------------------------
     0 | D:1      | Maratek the Gargoyle Earth Elementalist began the quest for
                  | the Orb.
     0 | D:1      | Reached XP level 1. HP: 10/10 MP: 3/3
   108 | D:1      | Reached skill level 4 in Earth Magic
   115 | D:1      | Reached XP level 2. HP: 12/15 MP: 0/5
   449 | D:1      | Found a faded altar of an unknown god.
   779 | D:1      | Reached XP level 3. HP: 20/20 MP: 4/6
  1707 | D:3      | Reached XP level 4. HP: 24/24 MP: 5/7
  1709 | D:3      | Reached skill level 5 in Earth Magic
  1914 | D:3      | Noticed Terence
  1919 | D:3      | Killed Terence
  1920 | D:3      | Reached XP level 5. HP: 5/28 MP: 2/9
  2166 | D:3      | You fall into a shaft and drop 1 floor!
  2272 | D:3      | Found a runed translucent door.
  2273 | D:3      | Noticed Crazy Yiuf
  2666 | D:4      | Noticed an ice beast
  2682 | D:4      | Killed an ice beast
  2683 | D:4      | Reached XP level 6. HP: 33/33 MP: 0/11
  2796 | D:4      | Noticed Eustachio
  2817 | D:4      | Reached skill level 6 in Earth Magic
  2830 | D:4      | Killed Eustachio
  2831 | D:4      | Reached XP level 7. HP: 33/37 MP: 8/13
  4025 | D:5      | Entered Level 5 of the Dungeon
  4060 | D:5      | Found a staircase to the Ecumenical Temple.
  4088 | Temple   | Entered the Ecumenical Temple
  4095 | Temple   | Became a worshipper of Vehumet
  4429 | D:5      | Noticed Prince Ribbit
  4433 | D:5      | Killed Prince Ribbit
  4434 | D:5      | Reached skill level 5 in Spellcasting
  4434 | D:5      | Reached skill level 7 in Earth Magic
  4515 | D:5      | Reached XP level 8. HP: 32/42 MP: 11/16
  4843 | D:6      | Reached skill level 8 in Earth Magic
  5080 | D:6      | Learned a level 3 spell: Stone Arrow
  5335 | D:6      | Found an ornate altar of the Wu Jian Council.
  5655 | D:6      | Reached skill level 9 in Earth Magic
  6174 | D:7      | Reached skill level 1 in Conjurations
  6261 | D:7      | Reached XP level 9. HP: 46/46 MP: 3/19
  6481 | D:7      | Reached * piety under Vehumet
  6481 | D:7      | Offered knowledge of Magic Dart by Vehumet.
  6578 | D:7      | Found a burning altar of Makhleb.
  6580 | D:7      | Found a shimmering altar of Xom.
  7617 | D:8      | Noticed a two-headed ogre
  7623 | D:8      | Killed a two-headed ogre
  7624 | D:8      | Reached skill level 1 in Fighting
  7624 | D:8      | Reached skill level 10 in Earth Magic
  7713 | D:8      | Learned a level 4 spell: Brom's Barrelling Boulder
  8163 | D:8      | Reached skill level 1 in Polearms
  8299 | D:8      | Reached skill level 5 in Conjurations
  8299 | D:8      | Reached XP level 10. HP: 52/52 MP: 8/22
  8611 | D:9      | Noticed an orange demon
  8865 | D:9      | Noticed Amaemon
  8867 | D:9      | Noticed a death knight
  8874 | D:9      | Killed Amaemon
  9067 | D:9      | Reached ** piety under Vehumet
  9067 | D:9      | Offered knowledge of Poisonous Vapours by Vehumet.
  9129 | D:8      | Noticed a manticore
  9139 | D:8      | Killed a manticore
  9140 | D:8      | Reached skill level 11 in Earth Magic
  9702 | D:9      | Killed an orange demon
  9805 | D:9      | Killed a death knight
 10029 | D:9      | Found Kibaaf's Jewellery Boutique.
 10035 | D:9      | Bought a ring of willpower for 425 gold pieces
 10066 | D:9      | Noticed a centaur warrior
 10067 | D:9      | Noticed a boulder beetle
 10070 | D:9      | Noticed a deep elf pyromancer
 10076 | D:9      | Killed a deep elf pyromancer
 10081 | D:9      | Killed a centaur warrior
 10082 | D:9      | Reached XP level 11. HP: 13/57 MP: 5/24
 10215 | D:9      | Found Fuamus's Jewellery Emporium.
 10251 | D:9      | Noticed a deep elf pyromancer
 10294 | D:9      | Killed a deep elf pyromancer
 10297 | D:9      | Noticed a cyclops
 10300 | D:9      | Killed a cyclops
 10301 | D:9      | Reached skill level 12 in Earth Magic
 10569 | D:9      | Noticed an eight-headed hydra
 10603 | D:9      | Killed an eight-headed hydra
 10603 | D:9      | Offered knowledge of Hailstorm by Vehumet.
 10773 | D:9      | Noticed a manticore
 10776 | D:9      | Noticed a two-headed ogre
 10814 | D:8      | Killed a two-headed ogre
 10815 | D:8      | Reached skill level 10 in Spellcasting
 11028 | D:8      | Learned a level 3 spell: Hailstorm
 11218 | D:9      | Reached *** piety under Vehumet
 11410 | D:9      | Found Uralijia's Antique Weapon Boutique.
 11461 | D:9      | Killed a manticore
 11798 | D:9      | Killed a boulder beetle
 12016 | D:9      | Offered knowledge of Dazzling Flash by Vehumet.
 12156 | D:9      | Found a hazy altar of Hepliaklqana.
 12313 | D:10     | Entered Level 10 of the Dungeon
 12800 | D:10     | Reached skill level 13 in Earth Magic
 12910 | D:10     | Noticed Maurice
 12958 | D:10     | Reached XP level 12. HP: 60/62 MP: 6/26
 13222 | D:10     | Noticed Nergalle
 13230 | D:10     | Killed Nergalle
 13373 | D:10     | Found a staircase to the Lair.
 13405 | D:10     | Found Nuklu's Antique Armour Boutique.
 13408 | D:10     | Reached **** piety under Vehumet
 13625 | D:10     | Reached skill level 10 in Conjurations
 13936 | D:10     | Offered knowledge of Volatile Blastmotes by Vehumet.
 14062 | D:10     | Found a staircase to the Orcish Mines.
 14081 | D:10     | Killed Maurice
 14543 | D:11     | Noticed a two-headed ogre
 14546 | D:11     | Killed a two-headed ogre
 15168 | D:11     | Found a portal to a secret trove of treasure.
 15871 | D:11     | Reached ***** piety under Vehumet
 15956 | D:11     | Noticed a two-headed ogre
 15958 | D:11     | Offered knowledge of Fireball by Vehumet.
 15961 | D:11     | Killed a two-headed ogre
 15968 | D:11     | Learned a level 5 spell: Fireball
 16888 | D:12     | Reached skill level 14 in Earth Magic
 17300 | D:12     | Reached XP level 13. HP: 67/68 MP: 15/28
 17697 | D:12     | Reached skill level 1 in Staves
 18013 | D:12     | Reached skill level 5 in Dodging
 18721 | D:13     | Found a gate to the Vaults.
 18721 | D:13     | Noticed a vault guard
 18726 | D:13     | Killed a vault guard
 18747 | D:13     | Noticed an entropy weaver
 18753 | D:13     | Killed an entropy weaver
 18962 | D:13     | Found a frozen archway.
 18972 | IceCv    | Entered an ice cave
 19129 | IceCv    | Reached skill level 1 in Fire Magic
 19184 | IceCv    | Learned a level 2 spell: Passwall
 19451 | IceCv    | Noticed an ice dragon
 19460 | IceCv    | Killed an ice dragon
 19472 | IceCv    | Identified the ring "Bihacat" {Ice Will++ Str+4 Dex-5}
 19986 | D:13     | Found a white marble altar of Elyvilon.
 20382 | D:13     | Reached skill level 1 in Evocations
 20609 | D:12     | Gained mutation: You are clumsy. (Dex -2) [potion of
                  | mutation]
 20922 | Lair:1   | Entered Level 1 of the Lair of Beasts
 21615 | Lair:1   | Reached skill level 15 in Earth Magic
 21866 | Lair:1   | Found a runed translucent door.
 21868 | Lair:1   | Noticed Miraos's ghost (journeyman TeHu)
 22711 | Lair:1   | Killed Miraos's ghost
 22825 | Lair:2   | Gained mutation: Your large and strong wings let you fly.
                  | [Gargoyle growth]
 22825 | Lair:2   | Reached XP level 14. HP: 76/76 MP: 19/30
 23307 | Lair:2   | Noticed Erica
 23312 | Lair:2   | Killed Erica
 23700 | Lair:2   | Offered knowledge of Starburst by Vehumet.
 23738 | Lair:2   | Noticed a dire elephant
 24094 | Lair:2   | Learned a level 6 spell: Starburst
 24366 | Lair:2   | Identified a scroll of acquirement
 24366 | Lair:2   | Acquired 829 gold pieces
 25280 | Lair:2   | Got a grimy book
 25558 | Lair:2   | Killed a dire elephant
 26290 | Lair:3   | Found a hole to the Spider Nest.
 26673 | Lair:3   | Learned a level 4 spell: Sticky Flame
 26818 | Lair:3   | Found a staircase to the Shoals.
 27510 | Lair:4   | Reached skill level 16 in Earth Magic
 29567 | Lair:5   | Entered Level 5 of the Lair of Beasts
 30276 | Lair:5   | Reached XP level 15. HP: 81/81 MP: 7/33
 30542 | Lair:5   | Found a staircase to the Slime Pits.
 32652 | Lair:5   | Offered knowledge of Eringya's Noxious Bog by Vehumet.
 33007 | Lair:5   | Reached skill level 5 in Fighting
 33235 | Lair:5   | Identified the +4 long sword of Law {freeze, Contam rF+
                  | Int+4}
 33246 | Lair:5   | Identified the amulet of the Country {Faith rPois}
 33881 | Orc:1    | Entered Level 1 of the Orcish Mines
 33881 | Orc:1    | Found Xeipsouh's Antique Weapon Boutique.
 34167 | Orc:2    | Entered Level 2 of the Orcish Mines
 34777 | Orc:2    | Found a staircase to the Elven Halls.
 35119 | Orc:1    | HP: 2/80 [orc high priest/divine providence (11)]
 35124 | Orc:1    | Killed from afar by an orc high priest

Illustrated notes

Levels and vault maps discovered:
D:1:      saegor_arrival_simple_a, layout_basic, ebering_ecumenical_altar_hall,
          minmay_door_square, minmay_ruptured
D:2:      layout_loops_ring
D:3:      layout_rooms, uniq_crazy_yiuf_cottage, uniq_terence
D:4:      layout_cave_pods, serial_rivers, chequers_serial_rivers_micro_c,
          chequers_serial_rivers_large_b, chequers_serial_rivers_small_b,
          chequers_serial_rivers_micro_a, chequers_serial_rivers_large_a,
          chequers_serial_rivers_micro_a, kennysheep_generic_room_5,
          uniq_eustachio
D:5:      layout_loops_cross, minmay_temple_entry_water_ring, dk_noncrumbling_2,
          uniq_prince_ribbit1
D:6:      layout_loops_ring, pdpol_wu_jian_five_deadly_venoms
D:7:      layout_rooms, grunt_temple_overflow_champion_of_chaos,
          small_statue_intersection
D:8:      layout_loops_cross, small_chamber_with_monster
D:9:      minmay_the_grid_octo_triangle [minmay_the_grid_octo_pinwheel,
          minmay_the_grid_octo_prize_big_c, minmay_the_grid_octo_concentric],
          layout_long_grid, nicolae_hepliaklqana_monster_ancestors,
          enter_bailey_7, serial_shops, nicolae_shop_gaudy_bauble,
          nicolae_shop_tiny_real_fake_doors, shop, uniq_amaemon
D:10:     layout_stronghold, david_lair_shrubbed, david_orc_1_choice,
          serial_shops, shop, serial_undead, serial_undead_e, serial_undead_d,
          serial_undead_a, serial_undead_f, uniq_maurice, uniq_nergalle
D:11:     layout_cave_pods, nicolae_trove_entry_columns
D:12:     layout_roguey [special_room_bee]
D:13:     layout_basic, hellmonk_vaults_order_and_chaos,
          portal_ice_cave_entry_pillars_1, gauntlet_entry_generic,
          elyvilon_altar_5
Temple:   nicolae_temple_no_exploring_needed
Lair:1:   layout_loops_ring, gammafunk_ghost_grave,
          nicolae_quartered_pool_super, serial_bayou_shore_a,
          infiniplex_staircase_pool
Lair:2:   beast_lair_carwin_large_3, layout_cave_pods,
          nicolae_lair_lakeside_cave, lemuel_fruit_tree, uniq_erica
Lair:3:   layout_long_grid, minmay_shoals_entry_beasts,
          nicolae_spider_entry_orb_guardian, amcnicky_mini_pool_medium
Lair:4:   layout_regular_city, grunt_megastairs_1
Lair:5:   grunt_lair_end_beastmaster, layout_gridlike, slime_entry_1,
          grunt_megastairs_5
Orc:1:    layout_caves, serial_shops, nicolae_shop_competitors_out_of_business
Orc:2:    st_orc_elflike, layout_diamond_mine, serial_shops,
          nicolae_shop_tiny_waterfront

Skill      XL: |  1  2  3  4  5  6  7  8  9 10 11 12 13 14 15 |
---------------+----------------------------------------------+-----
Earth Magic    | 4 5 6 7 9 10 11 13 14 15 16 | 16.8
Stealth        | 3 4 |  4.5
Spellcasting   | 3 4 5 7 8 9 10 11 12 14 | 14.6
Dodging        | 2 3 4 5 6 |  6.3
Conjurations   | 2 5 7 9 11 12 13 14 | 14.6
Fighting       | 1 3 4 5 |  5.0
Polearms       | 1 2 3 |  3.2
Staves         | 1 2 |  2.2
Fire Magic     | 1 2 |  2.9
Evocations     | 1 |  1.2
Unarmed Combat | |  0.2
Transmutations | |  0.8

Action                     |  1- 3 |  4- 6 |  7- 9 | 10-12 | 13-15 || total
---------------------------+-------+-------+-------+-------+-------++-------
  Melee: Unarmed           |    12 |       |       |       |       ||    12
         Trident           |       |     9 |    25 |    57 |       ||    91
         Staff             |       |       |       |    29 |   209 ||   238
         Punch             |       |       |       |       |     1 ||     1
         Long sword        |       |       |       |       |     4 ||     4
   Cast: Sandblast         |    48 |    50 |    73 |       |       ||   171
         Stone Arrow       |       |       |    68 |   320 |   683 ||  1071
         Brom's Barrelling |       |       |     4 |    28 |       ||    32
         Fireball          |       |       |       |     9 |    40 ||    49
         Passwall          |       |       |       |       |     3 ||     3
         Starburst         |       |       |       |       |     4 ||     4
         Sticky Flame      |       |       |       |       |     1 ||     1
  Evoke: Wand              |       |       |       |       |    12 ||    12
         Phial of floods   |       |       |       |       |     2 ||     2
    Use: Scroll            |     7 |     2 |    14 |     5 |    13 ||    41
         Potion            |       |       |       |       |    11 ||    11
 Armour: Robe              |    19 |    44 |    55 |   339 |   563 ||  1020
  Dodge: Dodged            |    26 |    29 |    56 |   232 |   366 ||   709

Table legend: (Time is in decaauts)
 A = Elapsed time spent in this place.
 B = Non-inter-level travel time spent in this place.
 C = Inter-level travel time spent in this place.
 D = Time resting spent in this place.
 E = Time spent auto-exploring this place.
 F = Levels seen in this place.
 G = Mean time per level.
                   A        B        C        D        E       F      G
               +--------+--------+--------+--------+--------+-----+--------+
         Total |  35338 |  33780 |   1558 |  12744 |  15724 |  22 | 1606.3 |
       Dungeon |  20580 |  19386 |   1194 |   5663 |  10847 |  13 | 1583.1 |
        Temple |     14 |      2 |     12 |      0 |      0 |   1 |   14.0 |
          Lair |  12719 |  12390 |    329 |   6031 |   4643 |   5 | 2543.8 |
  Orcish Mines |   1245 |   1222 |     23 |    670 |    160 |   2 |  622.5 |
      Ice Cave |    778 |    778 |      0 |    380 |     74 |   1 |  778.0 |
               +--------+--------+--------+--------+--------+-----+--------+

Top non-repeatable levels by time:
  Lair:5: 3787 daAuts
  Lair:2: 3545 daAuts
     D:9: 3109 daAuts
    D:12: 2853 daAuts
    D:10: 2719 daAuts
     D:8: 2447 daAuts
  Lair:4: 2272 daAuts
  Lair:1: 1947 daAuts
     D:4: 1621 daAuts
    D:11: 1321 daAuts
     D:6: 1230 daAuts
  Lair:3: 1166 daAuts
     D:7: 1002 daAuts
    D:13: 949 daAuts
     D:3: 864 daAuts
